 Dungeon Crawl Stone Soup version 0.21.1-1-g345015fe64 (webtiles) character file.

38 BrokenGlass the Sneak (level 3, 0/25 HPs)
             Began as an Octopode Assassin on Mar 26, 2018.
             Slain by Sigmund
             ... wielding a +0 scythe
              (17 damage)
             ... on level 2 of the Dungeon.
             The game lasted 00:00:52 (941 turns).

BrokenGlass the Sneak (Octopode Assassin)            Turns: 941, Time: 00:00:52

Health: 0/25       AC:  1    Str: 10    XL:     3   Next: 43%
Magic:  3/3        EV: 13    Int: 13    God:
Gold:   105        SH:  0    Dex: 14    Spells: 2/2 levels left

rFire    . . .     SeeInvis .   a - +2 dagger
rCold    . . .     Gourm    .   (no shield)
rNeg     . . .     Faith    .   (helmet restricted)
rPois    .         Spirit   .   e - amulet of magic regeneration
rElec    .         Reflect  .   (no ring)
rCorr    .         Harm     .   (no ring)
MR       .....                  (no ring)
Stlth    ++++......             (no ring)
HPRegen  0.08/turn              (no ring)
MPRegen  0.33/turn              (no ring)
                                (no ring)
                                (no ring)

@: no status effects
A: almost no armour, stealthy swim, amphibious, 8 rings, constrict 8, camouflage
1, gelatinous body 1
a: no special abilities


You were on level 2 of the Dungeon.
You were not hungry.

You visited 1 branch of the dungeon, and saw 2 of its levels.

You collected 105 gold pieces.

Inventory:

Hand Weapons
 a - a +2 dagger (weapon)
 b - a +0 blowgun
Missiles
 c - 8 poisoned needles
 d - 2 curare-tipped needles
 j - 17 sling bullets
 o - 16 arrows
Jewellery
 e - an amulet of magic regeneration (around mantle)
 k - an uncursed amulet of guardian spirit {unknown}
Scrolls
 h - a scroll of noise {unknown}
 l - a scroll of magic mapping {unknown}
 m - a scroll of remove curse {unknown}
 n - 2 scrolls of identify {unknown}
Potions
 g - a potion of agility {unknown}
 i - a potion of curing {unknown}
Comestibles
 f - 2 rations


   Skills:
 * Level 2.8 Fighting
 + Level 2.4 Short Blades
 - Level 2.0 Throwing
 - Level 1.0 Dodging
 * Level 6.1 Stealth


You had 2 spell levels left.
You didn't know any spells.

Dungeon Overview and Level Annotations

Branches:
Dungeon (2/15)

Altars:

Annotations:
D:2 Sigmund


Innate Abilities, Weirdness & Mutations

You cannot wear most types of armour.
You are very stealthy in the water. (Stealth+)
You are amphibious.
You can wear up to eight rings at the same time.
You can use your tentacles to constrict eight enemies at once.
Your skin changes colour to match your surroundings (Stealth+).
Your rubbery body absorbs attacks. (AC +1, EV +1)


Message History

No target in view!
No target in view!
No target in view!
No target in view!
No target in view!
No target in view!
No target in view!
Sigmund the Dreaded comes into view.
He is wielding a scythe.
Sigmund is nearby!
A goblin comes into view. It is wielding a dagger.
Sigmund casts a spell at you. You resist with significant effort.
You closely miss Sigmund. Your grab misses Sigmund. You squeeze Sigmund.
Sigmund is lightly wounded.
Sigmund casts a spell at you. The puff of flame hits you!
You hit Sigmund but do no damage. You grab Sigmund. You constrict Sigmund.
Sigmund hits you with a scythe!
Ouch! That really hurt!
You die...

#.......#...#
#....##.#...#
#...........#
............#
#......#.#.##
#........#.#
#........#.#
#.#..##.##.#
### #@# .#
........@g....#
#.............#
..............#
##............#
#............#
#............#
#....##≈#....#


You could see Sigmund and a goblin.

Vanquished Creatures
  A dart slug (D:1)
  5 leopard geckos (D:1)
  2 goblins (D:1)
  2 hobgoblins (D:1)
  3 jackals
  5 bats
  A frilled lizard (D:1)
  8 kobolds
  2 rats (D:1)
29 creatures vanquished.

Notes
Turn   | Place    | Note
-------+----------+-------------------------------------------
     0 | D:1      | BrokenGlass the Octopode Assassin began the quest for the Orb.
     0 | D:1      | Reached XP level 1. HP: 14/14 MP: 1/1
   135 | D:1      | Reached XP level 2. HP: 14/19 MP: 2/2
   452 | D:1      | Reached XP level 3. HP: 23/25 MP: 3/3
   480 | D:1      | Reached skill level 6 in Stealth
   937 | D:2      | Noticed Sigmund
   941 | D:2      | Slain by Sigmund

Skill      XL: |  1  2  3 |
---------------+----------+-----
Stealth        | 6 |  6.1
Fighting       | |  2.8
Short Blades   | |  2.4
Throwing       | |  2.0
Dodging        | |  1.0

Action                   || total
-------------------------++-------
Melee: Dagger            ||    53
       Constrict         ||    12
       Tentacles         ||     9
 Stab: Sleeping          ||     9
       Distracted        ||     1
Armor: Skin              ||     1
Dodge: Dodged            ||    23
